PCL
SACRAMENTO RIVER CATS @ ALBUQUERQUE ISOTOPES
08/19/2099
 
TOP OF THE 1ST
Sacramento River Cats batting - Pitching for Albuquerque Isotopes : RHP Edgar Colorado
Pitching: RHP Edgar Colorado
Batting: RHB Jason Flores 0-0: Swinging Strike
0-1: Ball
1-1: Ball
2-1: Ground out 3-1 (Groundball, 34S, EV 64.4 MPH)
Batting: RHB Kenny Giancola 0-0: Ground out 5-3 (Groundball, 56, EV 107.5 MPH)
Batting: LHB Sergio Almanza 0-0: Called Strike
0-1: Ball
1-1: SINGLE (Groundball, 6D, EV 95.6 MPH)
Batting: RHB Luis Jaramillo 0-0: SINGLE (Flyball, 4D, EV 92.5 MPH)
Sergio Almanza to second
Runner from 2nd tries for 3rd, SAFE, throw by RF made to third
Batting: RHB Greg Schaefer 0-0: Foul Ball, location: 9LSF
0-1: Foul Ball, location: 5F
0-2: Foul Ball, location: 9LDF
0-2: Ground out 4-3 (Groundball, 4, EV 97.5 MPH)
Top of the 1st over - 0 runs, 2 hits, 0 errors, 2 left on base; Sacramento 0 - Albuquerque 0
BOTTOM OF THE 1ST
Albuquerque Isotopes batting - Pitching for Sacramento River Cats : LHP Jeremiah Allen
Pitching: LHP Jeremiah Allen
Batting: RHB Hector Gonzales 0-0: Called Strike
0-1: SINGLE (Line Drive, 4MD, EV 67.5 MPH)
Batting: RHB Javy Sanchez 0-0: Ball
1-0: Swinging Strike
1-1: Grounds into double play, 4-6-3 (Groundball, 4MD, EV 96.9 MPH)
Batting: SHB Jon Coverly 0-0: Swinging Strike
0-1: Foul Ball, location: 23F
0-2: Strikes out looking
Bottom of the 1st over - 0 runs, 1 hit, 0 errors, 0 left on base; Sacramento 0 - Albuquerque 0
TOP OF THE 2ND
Sacramento River Cats batting - Pitching for Albuquerque Isotopes : RHP Edgar Colorado
Batting: LHB Raul Arellano 0-0: Ball
1-0: Ball
2-0: Swinging Strike
2-1: Foul Ball, location: 7LMF
2-2: Strikes out swinging
Batting: RHB Jeff Cox 0-0: Called Strike
0-1: Ball
1-1: Foul Ball, location: 2F
1-2: Foul Ball, location: 2F
1-2: Strikes out swinging
Batting: RHB Miles Carr 0-0: Ground out 5-3 (Groundball, 5S, EV 71.3 MPH)
Top of the 2nd over - 0 runs, 0 hits, 0 errors, 0 left on base; Sacramento 0 - Albuquerque 0
BOTTOM OF THE 2ND
Albuquerque Isotopes batting - Pitching for Sacramento River Cats : LHP Jeremiah Allen
Batting: RHB T.J. Krakowski 0-0: Called Strike
0-1: Ball
1-1: Swinging Strike
1-2: Fly out, F8 (Flyball, 8LM, EV 83.8 MPH)
Batting: RHB Hugo Sanchez 0-0: Called Strike
0-1: Fly out, F7 (Line Drive, 7, EV 90.0 MPH)
Batting: RHB Benny Scanlon 0-0: Foul Ball, location: 5F
0-1: Ball
1-1: Called Strike
1-2: Ball
2-2: Ball
3-2: Base on Balls
Batting: LHB Gerardo de Leon 0-0: Ball
1-0: Called Strike
1-1: Ball
2-1: Foul Ball, location: 23F
2-2: Foul Ball, location: 25F
2-2: Strikes out swinging
Bottom of the 2nd over - 0 runs, 0 hits, 0 errors, 1 left on base; Sacramento 0 - Albuquerque 0
TOP OF THE 3RD
Sacramento River Cats batting - Pitching for Albuquerque Isotopes : RHP Edgar Colorado
Batting: SHB Jody Tomko 0-0: Ball
1-0: Ground out 4-3 (Groundball, 4, EV 91.9 MPH)
Batting: RHB Jason Flores 0-0: Ball
1-0: Ground out 4-3 (Groundball, 34, EV 109.4 MPH)
Batting: RHB Kenny Giancola 0-0: Foul Ball, location: 9LDF
0-1: Ball
1-1: Fly out, F4 (Popup, 4, EV 50.0 MPH)
Top of the 3rd over - 0 runs, 0 hits, 0 errors, 0 left on base; Sacramento 0 - Albuquerque 0
BOTTOM OF THE 3RD
Albuquerque Isotopes batting - Pitching for Sacramento River Cats : LHP Jeremiah Allen
Batting: RHB Brenden Oxton 0-0: Foul Ball, location: 9LSF
0-1: Ball
1-1: Called Strike
1-2: Ball
2-2: DOUBLE (Line Drive, 7LS, EV 92.5 MPH)
Batting: RHB Pedro Chamaua 0-0: SINGLE (Flyball, 4MD, EV 90.6 MPH)
Brenden Oxton to third
Batting: RHB Hector Gonzales 0-0: Called Strike
0-1: Ball
Pedro Chamaua steals 2nd base
1-1: Swinging Strike
1-2: Ground out 6-3 (Groundball, 56, EV 101.9 MPH)
Batting: RHB Javy Sanchez 0-0: Swinging Strike
0-1: Ground out 5-3 (Groundball, 5, EV 86.3 MPH)
Batting: SHB Jon Coverly 0-0: Swinging Strike
0-1: Swinging Strike
0-2: Strikes out swinging
Bottom of the 3rd over - 0 runs, 2 hits, 0 errors, 2 left on base; Sacramento 0 - Albuquerque 0
TOP OF THE 4TH
Sacramento River Cats batting - Pitching for Albuquerque Isotopes : RHP Edgar Colorado
Batting: LHB Sergio Almanza 0-0: Ball
1-0: Ground out 3-1 (Groundball, 34, EV 90.0 MPH)
Batting: RHB Luis Jaramillo 0-0: Called Strike
0-1: Called Strike
0-2: Strikes out looking
Batting: RHB Greg Schaefer 0-0: Ball
1-0: Called Strike
1-1: Foul Ball, location: 9LSF
1-2: Strikes out swinging
Top of the 4th over - 0 runs, 0 hits, 0 errors, 0 left on base; Sacramento 0 - Albuquerque 0
BOTTOM OF THE 4TH
Albuquerque Isotopes batting - Pitching for Sacramento River Cats : LHP Jeremiah Allen
Batting: RHB T.J. Krakowski 0-0: Ball
1-0: Called Strike
1-1: Ball
2-1: SINGLE (Groundball, 6MD, EV 110.0 MPH)
Batting: RHB Hugo Sanchez 0-0: Foul Ball, location: 2F
0-1: Ball
1-1: Swinging Strike
1-2: Foul Ball, location: 9LMF
1-2: Ball
2-2: Ball
3-2: Grounds into double play, 6-4-3 (Groundball, 6, EV 104.4 MPH)
Batting: RHB Benny Scanlon 0-0: Called Strike
0-1: Ball
1-1: Foul Ball, location: 25FF
1-2: Ball
2-2: Ground out 1-3 (Groundball, 15S, EV 61.9 MPH)
Bottom of the 4th over - 0 runs, 1 hit, 0 errors, 0 left on base; Sacramento 0 - Albuquerque 0
TOP OF THE 5TH
Sacramento River Cats batting - Pitching for Albuquerque Isotopes : RHP Edgar Colorado
Batting: LHB Raul Arellano 0-0: Ground out 6-3 (Groundball, 6, EV 82.5 MPH)
Batting: RHB Jeff Cox 0-0: Called Strike
0-1: Foul Ball, location: 23FF
0-2: Ball
1-2: Ball
2-2: Ground out 5-3 (Groundball, 5, EV 88.8 MPH)
Batting: RHB Miles Carr 0-0: Ball
1-0: Ball
2-0: Fly out, F7 (Flyball, 7LS, EV 80.6 MPH)
Top of the 5th over - 0 runs, 0 hits, 0 errors, 0 left on base; Sacramento 0 - Albuquerque 0
BOTTOM OF THE 5TH
Albuquerque Isotopes batting - Pitching for Sacramento River Cats : LHP Jeremiah Allen
Batting: LHB Gerardo de Leon 0-0: Ball
1-0: Called Strike
1-1: Called Strike
1-2: Ground out 6-3 (Groundball, 6MD, EV 94.4 MPH)
Batting: RHB Brenden Oxton 0-0: Ball
1-0: Called Strike
1-1: Foul Ball, location: 2F
1-2: Ball
2-2: Ball
3-2: Foul Ball, location: 5F
3-2: Fly out, F6 (Flyball, 6D, EV 83.1 MPH)
Batting: RHB Pedro Chamaua 0-0: Ball
1-0: Ball
2-0: Ball
3-0: Called Strike
3-1: Ground out 6-3 (Groundball, 6, EV 90.0 MPH)
Bottom of the 5th over - 0 runs, 0 hits, 0 errors, 0 left on base; Sacramento 0 - Albuquerque 0
TOP OF THE 6TH
Sacramento River Cats batting - Pitching for Albuquerque Isotopes : RHP Edgar Colorado
Batting: SHB Jody Tomko 0-0: Swinging Strike
0-1: DOUBLE (Flyball, 89XD, EV 94.4 MPH)
Batting: RHB Jason Flores 0-0: Called Strike
0-1: Bunted foul
0-2: Ground out 5-3 (Groundball, 56S, EV 68.1 MPH)
Batting: RHB Kenny Giancola 0-0: Called Strike
0-1: Called Strike
0-2: Fly out, F7 (Flyball, 7LSF, EV 79.4 MPH)
Batting: LHB Sergio Almanza 0-0: Called Strike
0-1: Ball
1-1: Called Strike
1-2: Ball
2-2: Ball
3-2: Fly out, F9 (Flyball, 89S, EV 73.1 MPH)
Top of the 6th over - 0 runs, 1 hit, 0 errors, 1 left on base; Sacramento 0 - Albuquerque 0
BOTTOM OF THE 6TH
Albuquerque Isotopes batting - Pitching for Sacramento River Cats : LHP Jeremiah Allen
Batting: RHB Hector Gonzales 0-0: Called Strike
0-1: Fly out, F7 (Flyball, 78S, EV 80.0 MPH)
Batting: RHB Javy Sanchez 0-0: Swinging Strike
0-1: Ball
1-1: Ball
2-1: Swinging Strike
2-2: Strikes out swinging
Batting: SHB Jon Coverly 0-0: Ball
1-0: Ball
2-0: Ball
3-0: Called Strike
3-1: Foul Ball, location: 5FF
3-2: Base on Balls
Batting: RHB T.J. Krakowski 0-0: Called Strike
0-1: Ball
1-1: Ball
2-1: Fly out, F9 (Flyball, 9D, EV 106.3 MPH)
Bottom of the 6th over - 0 runs, 0 hits, 0 errors, 1 left on base; Sacramento 0 - Albuquerque 0
TOP OF THE 7TH
Sacramento River Cats batting - Pitching for Albuquerque Isotopes : RHP Edgar Colorado
Batting: RHB Luis Jaramillo 0-0: Foul Ball, location: 7LDF
0-1: Fly out, F8 (Flyball, 8RD, EV 110.6 MPH)
Batting: RHB Greg Schaefer 0-0: Ball
1-0: Swinging Strike
1-1: Foul Ball, location: 23F
1-2: Strikes out swinging
Batting: LHB Raul Arellano 0-0: Called Strike
0-1: Ball
1-1: Ball
2-1: SOLO HOME RUN (Flyball, 9LD, EV 94.4 MPH), Distance : 347 ft
Pitching: LHP Allen Oliver
Batting: RHB Jeff Cox 0-0: Called Strike
0-1: Ball
1-1: Swinging Strike
1-2: Strikes out swinging
Top of the 7th over - 1 run, 1 hit, 0 errors, 0 left on base; Sacramento 1 - Albuquerque 0
BOTTOM OF THE 7TH
Albuquerque Isotopes batting - Pitching for Sacramento River Cats : LHP Jeremiah Allen
Batting: RHB Hugo Sanchez 0-0: Called Strike
0-1: Called Strike
0-2: Strikes out looking
Pitching: RHP Antonio de la Rosa
Batting: RHB Benny Scanlon 0-0: Foul Ball, location: 2F
0-1: Fly out, F3 (Popup, 3F, EV 70.0 MPH)
Pitching: LHP John Quinonez
Pinch Hitting: RHB Joey Lowery 0-0: Swinging Strike
0-1: Foul Ball, location: 9LDF
0-2: Foul Ball, location: 2F
0-2: Ball
1-2: Foul Ball, location: 2F
1-2: Strikes out swinging
Bottom of the 7th over - 0 runs, 0 hits, 0 errors, 0 left on base; Sacramento 1 - Albuquerque 0
TOP OF THE 8TH
Sacramento River Cats batting - Pitching for Albuquerque Isotopes : LHP Allen Oliver
Now in CF: Chris Church
Batting: RHB Miles Carr 0-0: Called Strike
0-1: SINGLE (Line Drive, 56D, EV 106.3 MPH)
Batting: SHB Jody Tomko 0-0: Swinging Strike
0-1: Bunted foul
0-2: Ball
1-2: Ground out 5-3 (Groundball, 56S, EV 88.8 MPH)
Miles Carr to second
Batting: RHB Jason Flores 0-0: Ground out 5-3 (Groundball, 56S, EV 85.0 MPH)
Batting: RHB Kenny Giancola 0-0: Ball
1-0: Foul Ball, location: 9LDF
1-1: Ball
2-1: Foul Ball, location: 9LMF
2-2: Ball
3-2: Base on Balls
Batting: LHB Sergio Almanza 0-0: SINGLE (Groundball, 13, EV 69.4 MPH) (infield hit)
Miles Carr to third
Kenny Giancola to second
Batting: RHB Luis Jaramillo 0-0: Ball
1-0: Foul Ball, location: 9LSF
1-1: Ball
2-1: Foul Ball, location: 2F
2-2: Strikes out swinging
Top of the 8th over - 0 runs, 2 hits, 0 errors, 3 left on base; Sacramento 1 - Albuquerque 0
BOTTOM OF THE 8TH
Albuquerque Isotopes batting - Pitching for Sacramento River Cats : LHP John Quinonez
Now at 2B: Antonio Corral
Batting: RHB Brenden Oxton 0-0: Ball
1-0: Foul Ball, location: 5FF
1-1: Ball
2-1: Foul Ball, location: 9LDF
2-2: SINGLE (Line Drive, 7S, EV 93.1 MPH)
Pinch Hitting: SHB Jorge Carrea 0-0: Ball
1-0: Ball
Wild Pitch!
Brenden Oxton to second
2-0: Foul Ball, location: 2F
2-1: Ball
3-1: Called Strike
3-2: Strikes out swinging
Batting: RHB Hector Gonzales 0-0: TRIPLE (Flyball, 89XD, EV 90.6 MPH)
Brenden Oxton scores
Batting: RHB Javy Sanchez 0-0: Called Strike
0-1: Ball
1-1: Ball
2-1: Foul Ball, location: 2RF, Error on foul ball, E2
2-2: Fielders Choice at home, 6-2 (Groundball, 6, EV 77.5 MPH)
Batting: SHB Jon Coverly 0-0: Ball
1-0: Ball
2-0: Ball
3-0: Called Strike
3-1: Base on Balls
Javy Sanchez to second
Batting: RHB T.J. Krakowski 0-0: Ball
1-0: Called Strike
1-1: Foul Ball, location: 2F
1-2: Ball
2-2: Foul Ball, location: 23F
2-2: 3-RUN HOME RUN (Flyball, 8LXD, EV 108.8 MPH), Distance : 445 ft
Pitching: RHP Mike Wade
Batting: RHB Hugo Sanchez 0-0: Called Strike
0-1: Ground out 6-3 (Groundball, 6, EV 90.6 MPH)
Bottom of the 8th over - 4 runs, 3 hits, 1 error, 0 left on base; Sacramento 1 - Albuquerque 4
TOP OF THE 9TH
Sacramento River Cats batting - Pitching for Albuquerque Isotopes : LHP Allen Oliver
Now at SS: Jorge Carrea
Batting: RHB Greg Schaefer 0-0: SINGLE (Line Drive, 9LS, EV 85.6 MPH)
Batting: LHB Raul Arellano 0-0: Ball
1-0: Ball
2-0: Called Strike
2-1: Ball
3-1: Called Strike
3-2: Base on Balls
Greg Schaefer to second
Batting: RHB Jeff Cox 0-0: Ball
1-0: Foul Ball, location: 9LSF
1-1: Foul Ball, location: 9LMF
1-2: Ball
2-2: Foul Ball, location: 2LF
2-2: Foul Ball, location: 3F
2-2: Ball
3-2: Strikes out swinging
Pitching: LHP Chris Alexander
Batting: RHB Miles Carr 0-0: Ball
1-0: Ball
2-0: Called Strike
2-1: Foul Ball, location: 9LMF
2-2: Foul Ball, location: 2F
2-2: Strikes out swinging
Batting: SHB Jody Tomko 0-0: Ball
1-0: Foul Ball, location: 9LSF
1-1: Ball
2-1: Fly out, F8 (Line Drive, 8LM, EV 89.4 MPH)
Top of the 9th over - 0 runs, 1 hit, 0 errors, 2 left on base; Sacramento 1 - Albuquerque 4
Sunday, May 12th , 2024 - OOTP Baseball 24.11 Build 85